 Dungeon Crawl Stone Soup version 0.18.1-48-g4cf74bf (console) character file.

14854 Kloppie the Carver (level 11, -8/105 HPs)
             Began as a Minotaur Gladiator on July 3, 2016.
             Was the Champion of Elyvilon.
             Mangled by an eight-headed hydra (11 damage)
             ... on level 2 of the Lair of Beasts.
             The game lasted 00:21:04 (11095 turns).

Kloppie the Carver (Minotaur Gladiator)            Turns: 11095, Time: 00:21:05

Health: -8/105     AC: 18    Str: 19    XL:     11   Next: 94%
Magic:  10/10      EV:  9    Int:  5    God:    Elyvilon [******]
Gold:   227        SH:  5    Dex: 15    Spells: 0 memorised, 10 levels left

rFire  . . .     SeeInvis +     b - +0 short sword
rCold  . . .     Gourm    .     I - +2 chain mail {rPois}
rNeg   . . .     Faith    +     t - +0 buckler
rPois  +         Spirit   .     c - +0 hat
rElec  .         Dismiss  .     (no cloak)
rCorr  .         Reflect  .     d - +0 pair of gloves
SustAt .         Harm     .     y - +1 pair of boots
MR     .....                    k - amulet of faith
Stlth  ..........               G - ring of see invisible
                                (no ring)

@: about to teleport, not resistant to hostile enchantments, extremely
unstealthy
A: retaliatory headbutt, horns 2
a: Lesser Healing, Heal Other, Purification, Greater Healing, Divine Vigour,
Divine Protection, Renounce Religion


You were on level 2 of the Lair of Beasts.
You worshipped Elyvilon.
Elyvilon was exalted by your worship.
You were not hungry.

You visited 2 branches of the dungeon, and saw 13 of its levels.

You collected 568 gold pieces.
You spent 341 gold pieces at shops.

Inventory:

Hand Weapons
 a - a +3 scimitar of slicing
 b - a +0 short sword (weapon)
 D - a +2 long sword of slicing
 E - a +0 long sword
Missiles
 M - a throwing net (quivered)
Armour
 c - a +0 hat (worn)
 d - a +0 pair of gloves (worn)
 t - a +0 buckler (worn)
 y - a +1 pair of boots (worn)
 I - a +2 chain mail of poison resistance (worn)
Jewellery
 k - an amulet of faith (around neck)
 p - an uncursed ring of flight
 s - an uncursed ring of ice
 F - a +3 amulet of reflection
 G - a ring of see invisible (right hand)
Wands
 v - a wand of teleportation (3/9)
 x - a wand of flame (38/48)
 A - a wand of polymorph (8/24)
 B - a wand of disintegration (16/24)
 L - a wand of digging (13/24)
 R - a wand of lightning (7/15)
 S - a wand of confusion (27/48)
Scrolls
 e - a scroll of enchant armour
 h - 2 scrolls of recharging
 l - a scroll of remove curse
 m - a scroll of teleportation
 n - 2 scrolls of immolation
 q - a scroll of enchant weapon
 w - a scroll of amnesia
 H - a scroll of fog
 O - a scroll of fear
Potions
 i - 2 potions of lignification
 j - 2 potions of resistance
 o - 8 potions of curing
 z - a potion of magic {unknown}
 N - 2 potions of haste {unknown}
 P - 2 potions of berserk rage {unknown}
 Q - a potion of brilliance
Books
 C - a book of Clouds

   Spells                             Type                      Level
   a - Mephitic Cloud                 Conjuration/Poison/Air       3
   b - Conjure Flame                  Conjuration/Fire             3
   c - Poisonous Cloud                Conjuration/Poison/Air       6
   d - Freezing Cloud                 Conjuration/Ice/Air          6
   e - Ring of Flames                 Charms/Fire                  7
Comestibles
 f - 7 bread rations
 g - 6 meat rations
 r - a chunk of flesh
 u - 2 beef jerkies
 K - 9 slices of pizza


   Skills:
 + Level 12.6 Fighting
 + Level 13.8 Long Blades
 - Level 2.0 Throwing
 + Level 12.4 Armour
 - Level 3.2 Dodging
 - Level 5.0 Shields


You had 10 spell levels left.
You didn't know any spells.

Dungeon Overview and Level Annotations

Branches:
Dungeon (10/15)            Temple (0/1) D:7            Lair (3/8) D:8
    Orc (0/2) D:9
  Swamp: Lair:3-6    Shoals: Lair:3-6     Snake: Lair:3-6    Spider: Lair:3-6

Altars:
Ashenzari
Dithmenos
Elyvilon
Kikubaaqudgha
Nemelex Xobeh
Okawaru
Pakellas
Ru
Xom
Yredelemnul

Shops:
D:6 (   D:8 [


Innate Abilities, Weirdness & Mutations

You reflexively headbutt those who attack you in melee.
You have a pair of horns on your head.


Message History

Evoke which item? (* to show all) (? for menu, Esc to quit)
Zapping:
v - a wand of teleportation (4/9)
Press: ? - help, Shift-Dir - straight line, f - you, p - eight-headed hydra You feel strangely unstable.
This wand has 3 charges left.
The eight-headed hydra barely misses you.
You furiously retaliate!
You headbutt the eight-headed hydra. The eight-headed hydra bites you.
* * * LOW HITPOINT WARNING * * *
The eight-headed hydra bites you!
* * * LOW HITPOINT WARNING * * *
You block the eight-headed hydra's attack.
The eight-headed hydra bites you but does no damage. x2
The eight-headed hydra bites you!
* * * LOW HITPOINT WARNING * * *
The eight-headed hydra bites you but does no damage.
You hit the plant but do no damage. You headbutt the plant!
The plant is moderately damaged.
The eight-headed hydra bites you but does no damage.
The eight-headed hydra bites you!
You die...

######## ######.###
#############.##.P.###.#.##..P#
#..............................
#..............................
#..............................
#..#.#.PP..#.......#.#.##....#.
#..###.#..##...#....>...#.....#
#..........##>DP........#.....#
#...#.........@................
##...........#..PP.......#.....#
#...#.##.#####.........[.P.....#
##..####..###.................##
##..............#.#..P........##
#...............................
#...............................
##..............................
##......=.......................


You could see an eight-headed hydra.

Vanquished Creatures
  Harold (Lair:1)
  Pikel (D:6)
  A centaur zombie (D:10)
  A black mamba (Lair:1)
  2 spiny frogs (Lair:2)
  2 komodo dragons
  A troll (D:9)
  A polar bear (Lair:2)
  10 blink frogs
  A shadow (D:9)
  16 yaks
  2 hill giant zombies (D:9)
  3 basilisks (D:8)
  A human (D:9)
  2 hippogriffs
  3 hungry ghosts (D:9)
  4 water moccasins
  2 sky beasts
  4 porcupines
  3 ice beasts
  4 ogres
  4 phantoms
  3 wolves (Lair:1)
  5 centaurs
  8 crocodiles
  7 giant frogs
  A big kobold (D:8)
  A gnoll sergeant (D:8)
  2 scorpions
  2 troll zombies (D:9)
  A water moccasin skeleton (D:5)
  8 wights
  A howler monkey (D:5)
  4 crimson imps
  2 quasits
  A hound (D:6)
  6 jellies
  An orc priest (D:4)
  A centaur skeleton (D:9)
  2 orc wizards (D:8)
  A giant frog skeleton (D:5)
  10 iguanas
  5 worker ants
  7 sheep (D:8)
  4 ogre zombies (D:9)
  A hound zombie (D:9)
  A hound skeleton (D:9)
  A river rat (D:8)
  11 adders
  3 gnolls (D:8)
  2 shadow imps (D:5)
  An ooze (D:1)
  An adder skeleton (D:5)
  An adder zombie (D:7)
  3 worms
  2 dart slugs
  5 giant geckos
  20 orcs
  2 ball pythons (D:1)
  2 giant cockroaches
  10 goblins
  5 hobgoblins
  4 jackals (D:9)
  3 quokkas
  5 bats
  A giant gecko skeleton (D:6)
  A giant gecko zombie (D:6)
  14 giant newts
  2 goblin zombies (D:9)
  3 hobgoblin skeletons (D:9)
  2 hobgoblin zombies (D:9)
  14 kobolds
  An orc skeleton (D:9)
  17 orc zombies (D:9)
  A quokka skeleton (D:7)
  8 rats
299 creatures vanquished.

Vanquished Creatures (others)
  A manticore (D:2)
  A sky beast (D:7)
  3 fungi
  2 plants
7 creatures vanquished.

Grand Total: 306 creatures vanquished

Notes
Turn   | Place    | Note
--------------------------------------------------------------
     0 | D:1      | Kloppie the Minotaur Gladiator began the quest for the Orb.
     0 | D:1      | Reached XP level 1. HP: 18/18 MP: 0/0
   103 | D:1      | Reached skill level 1 in Armour
   402 | D:1      | Reached XP level 2. HP: 22/25 MP: 1/1
   572 | D:1      | Reached skill level 4 in Long Blades
  1009 | D:2      | Found a faded altar to an unknown god.
  1019 | D:2      | Reached XP level 3. HP: 30/30 MP: 2/2
  1117 | D:2      | Became a worshipper of Elyvilon the Healer
  1117 | D:2      | Reached * piety under Elyvilon
  1629 | D:2      | Reached XP level 4. HP: 13/38 MP: 3/3
  1913 | D:2      | Found a sacrificial altar of Ru.
  1983 | D:2      | Found an oddly glowing altar of Pakellas.
  1984 | D:2      | Noticed a manticore
  1993 | D:2      | Killed a manticore
  2110 | D:3      | Reached ** piety under Elyvilon
  2229 | D:3      | Found a basalt altar of Yredelemnul.
  2479 | D:3      | Reached skill level 5 in Long Blades
  2743 | D:4      | Reached XP level 5. HP: 25/46 MP: 4/4
  2933 | D:4      | Found an ancient bone altar of Kikubaaqudgha.
  3044 | D:4      | Noticed an ogre
  3065 | D:4      | Killed an ogre
  3362 | D:4      | Reached *** piety under Elyvilon
  3652 | D:4      | Reached XP level 6. HP: 52/53 MP: 5/5
  3792 | D:4      | Reached skill level 6 in Long Blades
  3939 | D:5      | Entered Level 5 of the Dungeon
  4040 | D:5      | Reached skill level 5 in Fighting
  4063 | D:5      | Reached skill level 5 in Armour
  4063 | D:5      | Reached XP level 7. HP: 34/61 MP: 6/6
  4283 | D:5      | Reached skill level 7 in Long Blades
  4649 | D:6      | Found a sparkling altar of Nemelex Xobeh.
  4654 | D:6      | Found a shattered altar of Ashenzari.
  4656 | D:6      | Found a shadowy altar of Dithmenos.
  4673 | D:6      | Reached **** piety under Elyvilon
  4702 | D:6      | Reached XP level 8. HP: 44/71 MP: 7/7
  4864 | D:6      | Noticed Pikel
  4903 | D:6      | Killed Pikel
  4903 | D:6      | Reached skill level 8 in Long Blades
  4994 | D:6      | Found Riec Bofia's Antique Weapon Boutique.
  5000 | D:6      | Bought a runed scimitar for 108 gold pieces
  5000 | D:6      | Bought a runed long sword for 94 gold pieces
  5516 | D:7      | Reached skill level 9 in Long Blades
  5672 | D:7      | Reached XP level 9. HP: 82/82 MP: 8/8
  5710 | D:7      | Reached ***** piety under Elyvilon
  6045 | D:7      | Found a staircase to the Ecumenical Temple.
  6095 | D:8      | Found an iron altar of Okawaru.
  6154 | D:8      | Found Wuejar's Antique Armour Emporium.
  6162 | D:8      | Bought a runed chain mail for 139 gold pieces
  6393 | D:8      | Reached skill level 10 in Long Blades
  6444 | D:8      | Reached skill level 10 in Fighting
  6480 | D:8      | Found a staircase to the Lair.
  6561 | D:8      | Reached XP level 10. HP: 85/93 MP: 9/9
  6779 | D:9      | Reached skill level 1 in Shields
  6897 | D:9      | Found a staircase to the Orcish Mines.
  6919 | D:9      | Reached skill level 11 in Long Blades
  7289 | D:9      | Reached skill level 5 in Shields
  7401 | D:9      | Reached skill level 10 in Armour
  7769 | D:10     | Entered Level 10 of the Dungeon
  7912 | D:10     | Noticed an eight-headed hydra
  7917 | D:10     | Reached skill level 12 in Long Blades
  8048 | Lair:1   | Entered Level 1 of the Lair of Beasts
  8120 | Lair:1   | Noticed Harold
  8172 | Lair:1   | Killed Harold
  8343 | Lair:1   | Noticed a black mamba
  8351 | Lair:1   | Killed a black mamba
  8351 | Lair:1   | Reached XP level 11. HP: 87/102 MP: 10/10
  8717 | Lair:1   | Reached ****** piety under Elyvilon
  9707 | Lair:2   | Reached skill level 13 in Long Blades
  9829 | Lair:2   | Found a shimmering altar of Xom.
 11071 | Lair:3   | Noticed an eight-headed hydra
 11093 | Lair:2   | HP: 3/105 [eight-headed hydra (10)]
 11095 | Lair:2   | Mangled by an eight-headed hydra

Skill      XL: |  1  2  3  4  5  6  7  8  9 10 11 |
---------------+----------------------------------+-----
Armour         | 1 2 3 5 6 7 9 10 12 | 12.4
Long Blades    | 4 5 6 7 9 10 12 13 | 13.8
Fighting       | 3 4 5 6 8 10 11 12 | 12.6
Shields        | 5 |  5.0
Throwing       | |  2.0
Dodging        | |  3.2

Action                   |  1- 3 |  4- 6 |  7- 9 | 10-12 || total
-------------------------+-------+-------+-------+-------++-------
Melee: Long sword        |    91 |   139 |   241 |   450 ||   921
       Headbutt          |    12 |    18 |    46 |   109 ||   185
       Scimitar          |       |       |       |    66 ||    66
       Short sword       |       |       |       |     3 ||     3
Throw: Throwing net      |     6 |     2 |       |       ||     8
Invok: Purification      |       |       |     3 |       ||     3
       Greater Healing   |       |       |       |     3 ||     3
Evoke: Wand              |       |     3 |       |     5 ||     8
  Use: Potion            |       |     2 |     3 |     3 ||     8
       Scroll            |       |     8 |     8 |     6 ||    22
 Stab: Held in net/web   |     1 |     1 |       |       ||     2
  Eat: Chunk             |     2 |     8 |    10 |    14 ||    34
       Royal jelly       |       |       |       |     1 ||     1
       Beef jerky        |       |       |       |     1 ||     1
       Meat ration       |       |       |       |     1 ||     1
Armor: Leather armour    |    13 |       |       |       ||    13
       Scale mail        |    10 |     7 |       |       ||    17
       Chain mail        |       |    54 |   141 |   279 ||   474
       Skin              |       |       |       |    14 ||    14
Dodge: Dodged            |    66 |    62 |   104 |   161 ||   393
Block: Buckler           |       |       |       |   104 ||   104
